 Dungeon Crawl Stone Soup version 0.32-a0-42-ga30500b4d3 (webtiles) character file.

Game seed: 15635984109279104558

16540 Dirtsage the Mimic (level 12, -1/123 HPs)
             Began as an Octopode Shapeshifter on Jan 27, 2024.
             Was a Believer of the Shining One.
             Slain by Snorg (4 damage)
             ... on level 11 of the Dungeon.
             The game lasted 00:23:09 (12615 turns).

Dirtsage the Mimic (Octopode Shapeshifter)         Turns: 12615, Time: 00:23:10

Health: -1/123     AC: 26    Str: 13    XL:     12   Next: 38%
Magic:  17/19      EV:  2    Int: 13    God:    the Shining One [**....]
Gold:   762        SH: 10    Dex: 16    Spells: 11/11 levels left

rFire   . .          .
                       - Unarmed
rCold   . . .        (no shield)
rNeg    + . .        (helmet currently unavailable)
rPois   +            (no amulet)
rElec   .            K - +4 ring of slaying
rCorr   .            J - ring of willpower
SInv    .            (no ring)
Will    +....        (no ring)
Stlth   +            (no ring)
HPRegen 0.40/turn    (no ring)
MPRegen 0.16/turn    (no ring)
                     (no ring)

%: no passive effects
@: divinely shielded, tree-form, glowing
A: stationary, stasis, torment immunity, boosted hp, almost no armour,
(amphibious), 8 rings, (camouflage 1), (gelatinous body 1), (nimble swimmer 1),
(tentacles)
a: Renounce Religion, Divine Shield


You were on level 11 of the Dungeon.
You worshipped the Shining One.
The Shining One was pleased with you.
You were a tree.
You visited 2 branches of the dungeon, and saw 12 of its levels.

You collected 780 gold pieces.
You spent 18 gold pieces at shops.

Inventory:

Missiles
 d - 12 curare-tipped darts (quivered)
Magical Staves
 e - a staff of alchemy
Jewellery
 J - a ring of willpower (right branch)
 K - a +4 ring of slaying (left branch)
Talismans
 b - a beast talisman
 c - a flux talisman
 o - a flux talisman
 y - a serpent talisman (active)
Wands
 j - a wand of iceblast (27)
 w - a wand of flame (59)
 x - a wand of paralysis (6)
 E - a wand of polymorph (5)
 H - a wand of mindburst (14)
Scrolls
 f - 3 scrolls of immolation
 g - 2 scrolls of fear {unknown}
 h - a scroll of silence
 i - 7 scrolls of identify
 m - a scroll of noise
 p - a scroll of amnesia
 r - 3 scrolls of revelation {unknown}
 t - 2 scrolls of teleportation
 v - a scroll of blinking {unknown}
 B - 2 scrolls of enchant weapon
 D - 2 scrolls of vulnerability
 F - a scroll of fog
 M - a scroll of acquirement {unknown}
Potions
 k - 3 potions of heal wounds {unknown}
 l - 5 potions of attraction {unknown}
 n - a potion of berserk rage {unknown}
 q - 10 potions of curing
 s - a potion of degeneration {unknown}
 u - 3 potions of mutation {unknown}
 z - 2 potions of might {unknown}
 A - a potion of haste {unknown}
 C - 2 potions of ambrosia
 G - a potion of enlightenment
 I - 3 potions of invisibility {unknown}
 L - a potion of resistance {unknown}
 N - a potion of magic {unknown}


   Skills:
 + Level 8.0 Fighting
 + Level 8.1 Dodging
 + Level 8.5 Unarmed Combat
 - Level 10.5 Invocations
 * Level 10.8 Shapeshifting


You had 11 spell levels left.
You didn't know any spells.
Your spell library contained the following spells:

 Spells                   Type           Power      Damage    Failure   Level
 Kiss of Death            Conj/Necr      0%         2d5       30%         1
 Sandblast                Erth           0%         2d4       30%         1
 Passwall                 Erth           0%         N/A       67%         3
 Stone Arrow              Conj/Erth      0%         3d7       67%         3
 Tukima's Dance           Hex            0%         N/A       67%         3
 Animate Dead             Necr           0%         N/A       97%         4
 Brom's Barrelling Bould  Conj/Erth      0%         2d3       97%         4
 Dimensional Bullseye     Hex/Tloc       0%         N/A       97%         4
 Iskenderun's Mystic Bla  Conj/Tloc      0%         2d3       97%         4
 Summon Lightning Spire   Summ/Air       0%         N/A       97%         4
 Lee's Rapid Deconstruct  Erth           0%         3d4*      100%        5
 Infestation              Necr           0%         N/A       100%        8
 Animate Armour           Summ/Erth      Unusable   N/A       N/A         4

Dungeon Overview and Level Annotations

Branches:
Dungeon (11/15)            Temple (1/1) D:7            Lair (0/5) D:8
    Orc (0/2) D:10

Altars:
Ashenzari
Cheibriados
Dithmenos
Elyvilon
Fedhas
Gozag
Hepliaklqana
Kikubaaqudgha
Makhleb
Nemelex Xobeh
Okawaru
Qazlal
Ru
Sif Muna
Trog
Uskayaw
Vehumet
Wu Jian
Xom
Yredelemnul
Zin
The Shining One

Shops:
D:4 [   D:8 *   D:9 [

Annotations:
D:5 1 runed translucent door, zurenarrh's ghost, novice OpAl
D:9 2 transporters, Mll's ghost, journeyman GrFi
D:11 Snorg


Innate Abilities, Weirdness & Mutations

You are a tree.
Your roots penetrate the ground, keeping you stationary.
You cannot be teleported.
You are immune to unholy pain and torment.
Your maximum health is greatly increased.
You cannot wear most types of armour.
((You are amphibious.))
You can wear up to eight rings at the same time.
((Your skin changes colour to match your surroundings (Stealth+).))
((Your rubbery body absorbs attacks. (AC +1, EV +1)))
((You are camouflaged when in or above water. (Stealth+)))
((You have tentacles for arms and can constrict up to eight enemies at once.))


Message History

You constrict Snorg. Snorg closely misses you. Snorg barely misses you.
Snorg claws you!
You take 11 damage, and have 56/98 hp.
You lash Snorg!
Snorg is moderately wounded.
You constrict Snorg. Snorg bites you!! You block Snorg's attack.
Snorg claws you!
* * * LOW HITPOINT WARNING * * *
Snorg misses you. Snorg claws you.
* * * LOW HITPOINT WARNING * * *
Snorg barely misses you.
You take 31 damage, and have 25/98 hp.
MASSIVE DAMAGE!!
You lash Snorg!
Snorg is moderately wounded.
You constrict Snorg. Snorg bites you!
* * * LOW HITPOINT WARNING * * *
Snorg claws you but does no damage. x2
You take 11 damage, and have 14/98 hp.
Okay, then.
Okay, then.
Your transformation has ended.
You turn into a tree.
Your roots penetrate the ground.
You lose your grip on Snorg.
Snorg bites you but does no damage. You block Snorg's attack. Snorg claws you.
* * * LOW HITPOINT WARNING * * *
You now have 20/123 hp.
You hit Snorg.
Snorg is heavily wounded.
Snorg bites you but does no damage. Snorg claws you but does no damage.
You block Snorg's attack. Snorg bites you.
* * * LOW HITPOINT WARNING * * *
Snorg claws you but does no damage. Snorg claws you.
* * * LOW HITPOINT WARNING * * *
You take 8 damage, and have 12/123 hp.
You hit Snorg.
Snorg is heavily wounded.
Snorg bites you!
* * * LOW HITPOINT WARNING * * *
Snorg claws you.
You die...

...........>#
.......^.##.#
#.......
.........##.###......
.........##.#.......
.........##.#.#....
.....######.#.##..
.....# #.#.##.#
.....## #.#.##T#
##....# #.#...♣#
#....# #.#.####
#....# #.#....#.#
#....# #.#.(....#
#....# #...##.###
#....# #.#.# .#
#....+ ...#.# #
##....# ###.#.#
....(.. ..#.#


You could see Snorg (berserk).

Vanquished Creatures
  A boulder beetle (D:11)
  A two-headed ogre (D:11)
  Pikel (D:6)
  A gargoyle (D:11)
  3 trolls
  Sigmund (D:4)
  A shadow (D:6)
  12 yaks
  A wyvern (D:10)
  5 steam dragons
  2 wraiths
  4 water moccasins
  8 orc warriors
  2 ice beasts (D:6)
  2 sky beasts (D:6)
  5 black bears
  3 wolves (D:8)
  3 ogres
  2 centaurs
  2 lemures
  2 phantoms (D:6)
  3 kobold brigands
  A gnoll sergeant (D:6)
  A bullfrog (D:7)
  2 scorpions (D:6)
  9 wights (D:9)
  14 killer bees
  7 electric eels
  3 howler monkeys
  5 jellies
  3 orc priests
  3 bombardier beetles
  10 hounds
  3 sleepcaps
  4 iguanas
  Terence (D:2)
  10 orc wizards
  11 adders
  2 shadow imps (D:6)
  2 white imps
  3 ufetubi (D:6)
  2 dart slugs
  A ribbon worm (D:5)
  45 orcs
  6 ball pythons
  3 endoplasms
  2 giant cockroaches (D:4)
  2 goblins
  6 hobgoblins
  2 jackals (D:2)
  15 kobolds
  3 quokkas
  6 bats
  3 frilled lizards (D:1)
  7 rats
262 creatures vanquished.

Notes
Turn   | Place    | Note
-------+----------+-------------------------------------------
     0 | D:1      | Dirtsage the Octopode Shapeshifter began the quest for the
                  | Orb.
     0 | D:1      | Reached XP level 1. HP: 13/13 MP: 1/1
   154 | D:1      | Reached XP level 2. HP: 17/18 MP: 2/2
   904 | D:2      | Reached XP level 3. HP: 23/23 MP: 3/3
   984 | D:2      | Found a glowing silver altar of Zin.
  1141 | D:2      | You fall into a shaft and drop 1 floor!
  1179 | D:3      | Found a faded altar of an unknown god.
  1419 | D:2      | Noticed Terence
  1425 | D:2      | Killed Terence
  1426 | D:2      | Reached XP level 4. HP: 18/29 MP: 4/4
  1871 | D:3      | Found a stormy altar of Qazlal.
  2152 | D:3      | Reached XP level 5. HP: 29/34 MP: 5/5
  2189 | D:4      | Noticed a black bear
  2202 | D:4      | Killed a black bear
  2283 | D:4      | Reached XP level 6. HP: 33/41 MP: 6/6
  2639 | D:4      | Noticed Sigmund
  2651 | D:4      | Killed Sigmund
  2652 | D:4      | Reached skill level 5 in Shapeshifting
  2752 | D:4      | Noticed a black bear
  2757 | D:4      | Reached XP level 7. HP: 30/46 MP: 7/7
  2769 | D:4      | Found Xilli's Armour Shoppe.
  3120 | D:4      | Identified the +4 whip of Overwhelming Force {holy, rF+
                  | MP+9}
  3164 | D:5      | Entered Level 5 of the Dungeon
  3341 | D:5      | Reached XP level 8. HP: 52/54 MP: 8/8
  3357 | D:5      | Reached skill level 5 in Unarmed Combat
  3621 | D:5      | Found a runed translucent door.
  3639 | D:5      | Noticed zurenarrh's ghost (novice OpAl)
  3827 | D:5      | Found a broken altar of Ashenzari.
  4481 | D:6      | Noticed Pikel
  4690 | D:6      | Reached skill level 5 in Dodging
  4734 | D:6      | Killed Pikel
  4735 | D:6      | Reached skill level 5 in Fighting
  4735 | D:6      | Reached XP level 9. HP: 47/61 MP: 9/9
  4924 | D:6      | Got Kikubaaqudgha's Octavo of Iniquitous Words
  5854 | D:6      | Reached XP level 10. HP: 41/68 MP: 10/10
  7025 | D:7      | Found a staircase to the Ecumenical Temple.
  7112 | Temple   | Entered the Ecumenical Temple
  7125 | Temple   | Became a worshipper of the Shining One
  7672 | D:8      | Found Gesekute's CLEARANCE SALE!.
  7681 | D:8      | Bought a scroll of fog for 8 gold pieces
  7681 | D:8      | Bought a potion of enlightenment for 10 gold pieces
  7889 | D:8      | Reached skill level 10 in Invocations
  7889 | D:8      | Reached XP level 11. HP: 74/74 MP: 10/18
  7907 | D:8      | Found a staircase to the Lair.
  8233 | D:8      | Found a shadowy altar of Dithmenos.
  8237 | D:8      | Found a hazy altar of Hepliaklqana.
  8990 | D:7      | Found a sacrificial altar of Ru.
  9094 | D:9      | Reached * piety under the Shining One
  9556 | D:9      | Noticed Mll's ghost (journeyman GrFi)
  9559 | D:9      | Found a transporter.
  9564 | D:9      | Found a transporter.
  9574 | D:9      | Found Becwuz's Antique Armour Boutique.
  9917 | D:9      | Reached ** piety under the Shining One
 10463 | D:10     | Entered Level 10 of the Dungeon
 10630 | D:10     | Found a basalt altar of Yredelemnul.
 10688 | D:10     | Reached skill level 10 in Shapeshifting
 10705 | D:10     | Reached XP level 12. HP: 81/81 MP: 19/19
 11269 | D:10     | Found a staircase to the Orcish Mines.
 11547 | D:10     | Found a burning altar of Makhleb.
 11547 | D:10     | Found a radiant altar of Vehumet.
 11554 | D:10     | Found a snail-covered altar of Cheibriados.
 11556 | D:10     | Found an ancient bone altar of Kikubaaqudgha.
 11558 | D:10     | Found a bloodstained altar of Trog.
 12103 | D:11     | Noticed a boulder beetle
 12116 | D:11     | Killed a boulder beetle
 12280 | D:11     | Noticed a two-headed ogre
 12290 | D:11     | Killed a two-headed ogre
 12603 | D:11     | Noticed Snorg
 12615 | D:11     | HP: 3/123 [Snorg (9)]
 12615 | D:11     | Slain by Snorg

Illustrated notes

Levels and vault maps discovered:
D:1:      dpeg_arrival_arbitrary_c, layout_basic
D:2:      layout_basic, basic_altar, nicolae_hexahallways, minmay_fountain_box,
          minmay_misc_feat_diagonals, kennysheep_cluttered_room,
          kennysheep_nondescript, minmay_heptomino_w4, uniq_terence
D:3:      layout_rooms, nicolae_qazlal_scattered_showers,
          chequers_ecumenical_altar_simple_redux, minmay_misc_feat_rugged
D:4:      layout_loops_ring, serial_shops, nicolae_shop_tiny_waterfront,
          uniq_sigmund
D:5:      dreamdust_elfheim, layout_loops_ring, mainiacjoe_overflow_boulevard,
          ebering_ghost_sewer_d
D:6:      kennysheep_windowed_halls, layout_gridville, minmay_alternating_orb,
          uniq_pikel
D:7:      layout_cave_pools, nicolae_overflow_hidden_temple, temple_doors_e,
          serial_park_tiny_pond
D:8:      layout_loops_corners, riverfiend_overflow_shadow_ancestor,
          erik_lair_island, minmay_misc_feat_tower, nicolae_shop_clearance
D:9:      layout_stronghold, gammafunk_ghost_hive, serial_shops,
          nicolae_shop_getting_attention, kennysheep_doodads
D:10:     layout_rooms, mainiacjoe_overflow_brackets,
          chequers_temple_overflow_minitemple, david_orc_5,
          nicolae_concentric_dashed_squares_mild, nicolae_water_bricks
D:11:     layout_basic, uniq_snorg
Temple:   chequers_temple_sunken

Skill      XL: |  1  2  3  4  5  6  7  8  9 10 11 12 |
---------------+-------------------------------------+-----
Fighting       | 2 3 5 6 7 8 |  8.0
Shapeshifting  | 4 5 7 8 9 10 | 10.8
Dodging        | 3 4 5 6 7 8 |  8.1
Unarmed Combat | 4 6 7 8 |  8.5
Invocations    | 10 | 10.5

Action                     |  1- 3 |  4- 6 |  7- 9 | 10-12 || total
---------------------------+-------+-------+-------+-------++-------
  Melee: Unarmed           |    61 |    70 |   205 |   350 ||   686
         Constrict         |    17 |    19 |    39 |    88 ||   163
         Tentacles         |    11 |    15 |    57 |       ||    83
         Punch             |     1 |     3 |     5 |       ||     9
  Throw: Dart              |       |       |     1 |       ||     1
 Invoke: Divine Shield     |       |       |       |     3 ||     3
  Evoke: Wand              |       |       |     3 |    16 ||    19
    Use: Potion            |       |     1 |     1 |     2 ||     4
         Scroll            |       |       |       |     8 ||     8
   Stab: Sleeping          |     3 |     2 |     6 |       ||    11
         Paralysed         |       |       |     2 |       ||     2
 Armour: Skin              |    21 |    33 |    74 |   269 ||   397
  Dodge: Dodged            |    38 |    37 |   132 |   190 ||   397
  Block: Other             |       |       |       |     5 ||     5
   Form: Flux              |       |       |     1 |       ||     1
         Serpent           |       |       |     1 |       ||     1

Table legend: (Time is in decaauts)
 A = Elapsed time spent in this place.
 B = Non-inter-level travel time spent in this place.
 C = Inter-level travel time spent in this place.
 D = Time resting spent in this place.
 E = Time spent auto-exploring this place.
 F = Levels seen in this place.
 G = Mean time per level.
                   A        B        C        D        E       F      G
               +--------+--------+--------+--------+--------+-----+--------+
         Total |  12569 |  12195 |    374 |    230 |  10101 |  12 | 1047.4 |
       Dungeon |  12545 |  12180 |    365 |    230 |  10101 |  11 | 1140.5 |
        Temple |     23 |     14 |      9 |      0 |      0 |   1 |   23.0 |
               +--------+--------+--------+--------+--------+-----+--------+

Top non-repeatable levels by time:
     D:6: 2412 daAuts
     D:9: 1450 daAuts
     D:8: 1378 daAuts
    D:10: 1364 daAuts
     D:5: 1130 daAuts
     D:4: 1040 daAuts
     D:1: 889 daAuts
     D:2: 836 daAuts
     D:7: 834 daAuts
    D:11: 762 daAuts
     D:3: 445 daAuts
  Temple: 23 daAuts
